 Dungeon Crawl Stone Soup version 0.28.0 (webtiles) character file.

Game seed: 10314158520366431590

24345 Minsecho the Severer (level 13, 0/116 HPs)
             Began as a Hill Orc Monk on Feb 5, 2022.
             Was an Elder of Makhleb.
             Killed from afar by Jorgrun (46 damage)
             ... with an iron shot
             ... on level 13 of the Dungeon.
             The game lasted 00:38:54 (15497 turns).

Minsecho the Severer (Hill Orc Monk)               Turns: 15497, Time: 00:38:54

Health: 0/116      AC: 24    Str: 24    XL:     13   Next: 12%
Magic:  30/30      EV: 10    Int: 12    God:    Makhleb [****..]
Gold:   177        SH:  5    Dex: 13    Spells: 11/12 levels left

rFire   . . .      SeeInvis +   z - +4 broad axe (freeze)
rCold   . . .      Faith    .   a - +0 buckler
rNeg    . . .      Spirit   .   s - +5 ring mail "Xomp" {rElec Will+ MP+9 Str+5}
rPois   .          Reflect  .   S - +2 helmet {SInv}
rElec   +          Harm     .   h - +0 cloak
rCorr   .          Rampage  .   (no gloves)
Will    ++...                   Y - +0 pair of boots
Stlth   +.........              W - amulet of the acrobat
HPRegen 0.29/turn               C - +4 ring of protection
MPRegen 0.22/turn               y - ring of willpower

@: grasped by roots, constricted
A: iridescent scales 1, clever 1, MP-powered wands
a: Renounce Religion, Minor Destruction, Lesser Servant of Makhleb, Major
Destruction


You were on level 13 of the Dungeon.
You worshipped Makhleb.
Makhleb was greatly pleased with you.
You visited 2 branches of the dungeon, and saw 14 of its levels.
You also visited: Sewer.

You collected 1792 gold pieces.
You spent 1615 gold pieces at shops.

Inventory:

Hand Weapons
 f - a +3 dagger of speed
 z - a +4 broad axe of freezing (weapon)
 O - a +0 war axe
Missiles
 H - a throwing net (quivered)
Armour
 a - a +0 buckler (worn)
 h - a +0 cloak (worn)
 j - a +2 ring mail of fire resistance
 s - the +5 ring mail "Xomp" (worn) {rElec Will+ MP+9 Str+5}
   (You bought it in a shop on level 3 of the Dungeon)

   Str:       It affects your strength (+5).
   rElec:     It insulates you from electricity.
   MP:        It affects your magic capacity (+9).
   Will:      It increases your willpower.
 t - the +1 ring mail of the Turtle {rElec Str+4 Int+4 SInv}
   (You bought it in a shop on level 3 of the Dungeon)

   Str:       It affects your strength (+4).
   Int:       It affects your intelligence (+4).
   rElec:     It insulates you from electricity.
   SInv:      It lets you see invisible.
 E - a +0 helmet
 S - a +2 helmet of see invisible (worn)
 Y - a +0 pair of boots (worn)
Jewellery
 b - an amulet of guardian spirit
 w - a +6 ring of intelligence
 y - a ring of willpower (right hand)
 A - a ring of see invisible
 C - a +4 ring of protection (left hand)
 F - a ring of poison resistance
 J - a ring of resist corrosion
 T - a ring of ice
 W - an amulet of the acrobat (around neck)
Wands
 c - a wand of polymorph (4)
 D - a wand of iceblast (9)
 G - a wand of paralysis (14)
 M - a wand of acid (8)
 V - a wand of digging (3)
 Z - a wand of flame (2)
Scrolls
 m - a scroll of noise
 o - 2 scrolls of summoning
 p - 3 scrolls of fear
 q - 5 scrolls of teleportation
 r - a scroll of vulnerability {unknown}
 u - a scroll of amnesia {unknown}
 x - 4 scrolls of enchant armour
 L - 3 scrolls of enchant weapon
 N - a scroll of fog
 Q - a scroll of blinking {unknown}
Potions
 d - 6 potions of heal wounds
 e - a potion of haste
 g - 6 potions of attraction
 k - 2 potions of ambrosia
 l - 4 potions of lignification
 n - 5 potions of brilliance
 v - a potion of invisibility
 B - 7 potions of curing
 I - a potion of flight
 P - a potion of resistance
 R - 4 potions of mutation
 U - 2 potions of might {unknown}
 X - a potion of berserk rage {unknown}


   Skills:
 + Level 11.6 Fighting
 + Level 17.0 Axes
 + Level 8.7 Armour
 + Level 6.9 Dodging
 - Level 2.0 Stealth
 + Level 3.9 Shields
 * Level 11.7 Invocations
 + Level 2.2 Evocations


You had 11 spell levels left.
You knew the following spells:

 Your Spells              Type           Power      Damage    Failure   Level
a - Freeze                Ice            0%         1d3       54%         1

Your spell library contained the following spells:

 Spells                   Type           Power      Damage    Failure   Level
 Foxfire                  Conj/Fire      0%         2x1d4     54%         1
 Conjure Flame            Conj/Fire      0%         6-21      88%         3
 Dazzling Flash           Conj/Hex       0%         N/A       88%         3
 Frozen Ramparts          Ice            0%         1d2       88%         3
 Inner Flame              Hex/Fire       0%         N/A       88%         3
 Flame Wave               Conj/Fire      0%         2d4       99%         4
 Hailstorm                Conj/Ice       0%         3d3       99%         4
 Agony                    Necr           0%         N/A       100%        5
 Silence                  Hex/Air        0%         N/A       100%        5


Dungeon Overview and Level Annotations

Branches:
Dungeon (13/15)            Temple (1/1) D:5            Lair (0/6) D:11
    Orc (0/2) D:10          Sewer (visited)
 Vaults: D:13-14

Altars:
Ashenzari
Cheibriados
Dithmenos
Elyvilon
Fedhas
Gozag
Hepliaklqana
Kikubaaqudgha
Makhleb
Nemelex Xobeh
Okawaru
Qazlal
Ru
Sif Muna
Trog
Uskayaw
Vehumet
Wu Jian
Xom
Yredelemnul
Zin
The Shining One

Shops:
D:2 *   D:3 *[   D:11 ((!*   D:12 (

Annotations:
D:11 1 runed translucent door, theguy1's ghost, journeyman MiFi
D:13 Jorgrun


Innate Abilities, Weirdness & Mutations

You are partially covered in iridescent scales. (AC +2)
Your mind is acute. (Int +2)
You expend magic power (3 MP) to strengthen your wands.


Message History

Jorgrun hits your smoke demon with a staff of earth!!
Jorgrun shatters your smoke demon.
Your smoke demon dies!
Your smoke demon disappears in a puff of smoke!
Jorgrun misses you.
You miss Jorgrun.
Jorgrun is moderately wounded.
You slash Jorgrun!
Jorgrun is moderately wounded.
Jorgrun hits you with a staff of earth!
You barely miss Jorgrun.
Jorgrun is moderately wounded.
Jorgrun closely misses you.
You hit Jorgrun.
Jorgrun is moderately wounded.
You block Jorgrun's attack.
You closely miss Jorgrun.
Jorgrun is moderately wounded.
Jorgrun completely misses you.
You slice Jorgrun!! You freeze Jorgrun.
Jorgrun is heavily wounded.
You barely miss Jorgrun.
Jorgrun is heavily wounded.
Jorgrun gestures at you while chanting.
Roots burst forth from the earth!
The grasping roots grab you! The grasping roots constrict you!
You completely miss Jorgrun.
Jorgrun is heavily wounded.
Jorgrun points at you and mumbles some strange words.
The iron shot hits you!!! The grasping roots constrict you.
You barely miss Jorgrun.
Jorgrun is heavily wounded.
Jorgrun casts a spell at you. You resist with almost no effort.
The grasping roots constrict you.
You slash Jorgrun! You freeze Jorgrun.
Jorgrun is heavily wounded.
Jorgrun casts a spell at you. The iron shot hits you!!!
You die...

####+## #.....# #.....# '.....#
####### #.....# #.....# #+#
#.....# #.....# ..#
.###'#######.....#...#
.#..)......#.....#...# #.
.#.........#....@g...#.##..
.#.........#.....#...#.....######
.#...#####'#.....# ..#...........
##.>.#.......###.# .# ........#.
######.......# #.# # ....[...#.
#.......###..###.# .####....#.
#.###............+ ...........
#.# #............# #######'###
#.###.######.....# .........<.


You could see Jorgrun.

Vanquished Creatures
  Kirke (D:12)
  Nessos (D:12)
  Fannar (D:12)
  Josephine (D:10)
  A centaur warrior (D:13)
  A boulder beetle (D:13)
  Erolcha (D:10)
  Erica (D:8)
  5 two-headed ogres
  2 deep elf pyromancers
  2 manticores
  A faun (shapeshifter) (D:13)
  3 cyclopes
  Maurice (D:8)
  2 unseen horrors
  A gargoyle (D:12)
  2 kobold demonologists
  5 trolls
  Prince Ribbit (D:5)
  3 shadows
  6 wraiths
  A basilisk (D:12)
  10 yaks (D:10)
  5 hogs (D:12)
  Grum (D:8)
  A steam dragon (D:8)
  4 vampire mosquitoes (D:10)
  4 acid dragons
  A water moccasin (D:8)
  3 orc warriors
  3 ice beasts
  3 wolves
  2 phantoms
  A kobold brigand (D:10)
  2 bullfrogs (D:6)
  4 scorpions
  2 wyvern skeletons (D:6)
  A water moccasin skeleton (D:4)
  4 killer bees (D:8)
  A howler monkey (D:5)
  A jelly (D:6)
  5 centaur zombies
  7 hounds
  4 orc priests
  Crazy Yiuf (D:7)
  2 gnoll shamans
  A bullfrog skeleton (D:7)
  A centaur skeleton (D:7)
  3 iguanas
  7 orc wizards
  A hound zombie (D:5)
  11 adders
  12 gnolls
  2 river rats (Sewer)
  2 shadow imps
  An ufetubus (D:4)
  3 worms
  13 dart slugs
  33 orcs
  6 bats
  3 endoplasms
  7 giant cockroaches
  A goblin (D:3)
  5 hobgoblins
  3 quokkas
  6 ball pythons
  7 frilled lizards
  7 kobolds
  4 rats
254 creatures vanquished.

Vanquished Creatures (collateral kills)
  A boulder beetle (D:11)
  A cyclops (D:9)
  A komodo dragon (D:11)
  A steam dragon (D:9)
  A centaur zombie (D:9)
  An orc (D:9)
6 creatures vanquished.

Vanquished Creatures (others)
  2 humans (D:12)
  An orc (D:9)
  A fungus (D:7)
  A plant (D:4)
5 creatures vanquished.

Grand Total: 265 creatures vanquished

Notes
Turn   | Place    | Note
-------+----------+-------------------------------------------
     0 | D:1      | Minsecho the Hill Orc Monk began the quest for the Orb.
     0 | D:1      | Reached XP level 1. HP: 19/19 MP: 1/1
   288 | D:1      | Reached XP level 2. HP: 15/27 MP: 2/2
  1003 | D:2      | Reached XP level 3. HP: 31/33 MP: 3/3
  1071 | D:2      | Found Nuletytz's Assorted Antiques.
  1084 | D:2      | Identified a scroll of acquirement
  1084 | D:2      | Acquired 1007 gold pieces
  1090 | D:2      | Bought a viscous coppery potion for 24 gold pieces
  1090 | D:2      | Bought a shiny ring mail for 189 gold pieces
  1090 | D:2      | Bought a scroll labelled JEDOTE VITO for 27 gold pieces
  1232 | D:2      | Gained mutation: Your mind is acute. (Int +2) [potion of
                  | mutation]
  1232 | D:2      | Gained mutation: You are partially covered in iridescent
                  | scales. (AC +2) [potion of mutation]
  1232 | D:2      | Gained mutation: You expend magic power (3 MP) to
                  | strengthen your wands. [potion of mutation]
  1243 | D:2      | Reached XP level 4. HP: 24/40 MP: 4/4
  1379 | D:2      | Reached skill level 5 in Axes
  1870 | D:2      | Reached skill level 1 in Armour
  2132 | D:3      | Reached XP level 5. HP: 47/47 MP: 5/5
  2148 | D:3      | Found a glowing drain.
  2182 | Sewer    | Entered a sewer
  2759 | D:3      | Found Foofaph's Antique Armour Boutique.
  2764 | D:3      | Bought an ancient ring mail for 234 gold pieces
  2764 | D:3      | Identified the +5 ring mail "Xomp" {rElec Will+ MP+9 Str+5}
                  | (You bought it in a shop on level 3 of the Dungeon)
  2764 | D:3      | Bought a bloodstained ring mail for 234 gold pieces
  2764 | D:3      | Identified the +1 ring mail of the Turtle {rElec Str+4
                  | Int+4 SInv} (You bought it in a shop on level 3 of the
                  | Dungeon)
  3125 | D:3      | Reached skill level 6 in Axes
  3125 | D:3      | Reached XP level 6. HP: 45/53 MP: 6/6
  3260 | D:3      | Found Onkelliq's Assorted Antiques.
  3268 | D:3      | Bought a scroll labelled JUOSOCWUIKK for 31 gold pieces
  3268 | D:3      | Bought a scroll labelled SUMO QESEDASH for 31 gold pieces
  3268 | D:3      | Bought a notched coral ring for 155 gold pieces
  3492 | D:4      | Reached skill level 5 in Fighting
  3766 | D:4      | Reached skill level 7 in Axes
  3766 | D:4      | Reached XP level 7. HP: 58/61 MP: 7/7
  3844 | D:4      | Found an ornate altar of the Wu Jian Council.
  4957 | D:5      | Entered Level 5 of the Dungeon
  4997 | D:5      | Reached skill level 8 in Axes
  5316 | D:5      | Found a staircase to the Ecumenical Temple.
  5332 | Temple   | Entered the Ecumenical Temple
  5590 | Temple   | Became a worshipper of Makhleb the Destroyer
  5590 | Temple   | Reached * piety under Makhleb
  5590 | Temple   | Reached ** piety under Makhleb
  5831 | D:5      | Noticed Prince Ribbit
  5843 | D:5      | Killed Prince Ribbit
  5844 | D:5      | Reached skill level 1 in Invocations
  5844 | D:5      | Reached XP level 8. HP: 34/70 MP: 9/9
  6518 | D:6      | Reached skill level 9 in Axes
  6518 | D:6      | Reached skill level 5 in Armour
  7371 | D:6      | Reached XP level 9. HP: 29/78 MP: 12/12
  7636 | D:6      | Reached skill level 10 in Axes
  7972 | D:7      | Found a runed translucent door.
  7973 | D:7      | Noticed Crazy Yiuf
  7982 | D:7      | Killed Crazy Yiuf
  8226 | D:8      | Noticed Grum
  8414 | D:7      | Reached skill level 5 in Invocations
  8485 | D:8      | Killed Grum
  8486 | D:8      | Reached skill level 11 in Axes
  8783 | D:8      | Noticed Erica
  8799 | D:8      | Killed Erica
  8800 | D:8      | Reached XP level 10. HP: 29/86 MP: 14/14
  9108 | D:8      | Noticed Maurice
  9139 | D:8      | Killed Maurice
  9140 | D:8      | Reached skill level 5 in Dodging
  9471 | D:8      | Learned a level 1 spell: Freeze
  9484 | D:9      | Noticed a cyclops
  9492 | D:8      | Reached skill level 12 in Axes
  9656 | D:9      | Reached *** piety under Makhleb
  9768 | D:9      | Killed a cyclops
 10078 | D:9      | Reached skill level 1 in Shields
 10432 | D:9      | Noticed a manticore
 10440 | D:9      | Noticed a cyclops
 10446 | D:9      | Killed a manticore
 10447 | D:9      | Reached skill level 1 in Evocations
 10454 | D:9      | Killed a cyclops
 10692 | D:9      | Reached skill level 13 in Axes
 10752 | D:9      | Noticed a deep elf pyromancer
 10769 | D:9      | Killed a deep elf pyromancer
 11198 | D:10     | Entered Level 10 of the Dungeon
 11265 | D:10     | Noticed Erolcha
 11282 | D:10     | Reached XP level 11. HP: 82/95 MP: 16/16
 11321 | D:10     | Killed Erolcha
 11712 | D:10     | Noticed Josephine
 11738 | D:10     | Killed Josephine
 11742 | D:10     | Reached skill level 14 in Axes
 11926 | D:10     | Found a staircase to the Orcish Mines.
 12286 | D:11     | Found a staircase to the Lair.
 12390 | D:11     | Reached skill level 10 in Fighting
 12399 | D:11     | Noticed a two-headed ogre
 12414 | D:11     | Killed a two-headed ogre
 12415 | D:11     | Reached skill level 15 in Axes
 12491 | D:11     | Noticed a boulder beetle
 12502 | D:11     | Reached XP level 12. HP: 52/106 MP: 12/19
 12511 | D:11     | Killed a boulder beetle
 12512 | D:11     | Reached skill level 10 in Invocations
 12770 | D:11     | Found Jempohav's Distillery.
 12771 | D:11     | Found Buecwo Munia's Assorted Antiques.
 12780 | D:11     | Bought a scroll of identify for 66 gold pieces
 12814 | D:11     | Found Edoul's Weapon Shoppe.
 12829 | D:11     | Bought a +4 broad axe of electrocution for 448 gold pieces
 12951 | D:11     | Found Vorisus's Book Emporium.
 12996 | D:11     | Found a runed translucent door.
 12996 | D:11     | Noticed theguy1's ghost (journeyman MiFi)
 13106 | D:11     | Bought a potion of heal wounds for 80 gold pieces
 13106 | D:11     | Bought a potion of curing for 48 gold pieces
 13106 | D:11     | Bought a potion of curing for 48 gold pieces
 13183 | D:11     | Found Dakhlif's Antique Weapon Shoppe.
 13451 | D:12     | Noticed Nessos
 13492 | D:12     | Noticed Fannar
 13501 | D:12     | Killed Fannar
 13544 | D:12     | Found Omaegod's Antique Weapon Shoppe.
 13570 | D:12     | Killed Nessos
 13852 | D:12     | Reached **** piety under Makhleb
 13871 | D:12     | Noticed Kirke
 13985 | D:12     | Noticed a sphinx
 13988 | D:12     | Killed Kirke
 13989 | D:12     | Reached skill level 16 in Axes
 14078 | D:12     | Noticed a two-headed ogre
 14087 | D:12     | Killed a two-headed ogre
 14601 | D:12     | Noticed a two-headed ogre
 14613 | D:12     | Killed a two-headed ogre
 14818 | D:12     | Noticed a two-headed ogre
 14970 | D:12     | Killed a two-headed ogre
 15206 | D:13     | Noticed a death knight
 15322 | D:13     | Reached XP level 13. HP: 116/116 MP: 21/21
 15409 | D:13     | Reached skill level 17 in Axes
 15477 | D:13     | Noticed Jorgrun
 15497 | D:13     | Killed from afar by Jorgrun

Illustrated notes

Levels and vault maps discovered:
D:1:      mrwooster_arrival_statue_3, layout_basic
D:2:      layout_basic, serial_shops, nicolae_shop_stone
D:3:      layout_rooms, serial_shops, nicolae_shop_hallway_plus, shop,
          gup_sewer_entry_glass
D:4:      kennysheep_slugbush, layout_gridville, nicolae_wu_jian_glorious_leap,
          serial_bayou_lagoon_a, minmay_liquid_box, hangedman_decor_points,
          kennysheep_nondescript
D:5:      layout_loops_cross, minmay_temple_entry_offerings, kennysheep_doodads,
          uniq_prince_ribbit1
D:6:      layout_basic
D:7:      layout_rooms, uniq_crazy_yiuf_cottage
D:8:      layout_basic, uniq_erica, uniq_grum, uniq_maurice
D:9:      layout_cave_pools, minmay_fractal_squares_gapless_7
D:10:     layout_small_grid, orc_0_dummy, enter_bailey_8, uniq_erolcha,
          uniq_josephine
D:11:     minmay_four_partial_circles, layout_loops_ring, lair_entry_dummy,
          ebering_ghost_inner_flame, serial_shops, shop,
          nicolae_shop_bloodbath_and_beyond, shop_coins,
          nicolae_shop_window_shopping, shop, worldfamousw_hep_ancestral_shrine
D:12:     layout_long_grid, serial_shops, nicolae_inconvenience_store,
          uniq_fannar, uniq_nessos, uniq_kirke
D:13:     layout_stronghold, david_vaults_4, portal_ice_cave_entry_pillars_2,
          uniq_rupert, uniq_sonja, uniq_jorgrun
Temple:   mainiacjoe_temple_hex_bubbles

Skill      XL: |  1  2  3  4  5  6  7  8  9 10 11 12 13 |
---------------+----------------------------------------+-----
Fighting       | 4 5 6 7 8 10 11 | 11.6
Axes           | 5 6 7 8 9 11 13 15 16 17 | 17.0
Dodging        | 3 4 5 6 |  6.9
Stealth        | 2 |  2.0
Armour         | 1 2 3 4 5 6 7 8 |  8.7
Invocations    | 1 4 6 7 9 11 | 11.7
Shields        | 2 3 |  3.9
Evocations     | 1 2 |  2.2

Action                   |  1- 3 |  4- 6 |  7- 9 | 10-12 | 13-15 || total
-------------------------+-------+-------+-------+-------+-------++-------
Melee: Hand axe          |    56 |   275 |   406 |       |       ||   737
       Punch             |       |     3 |     7 |       |       ||    10
       War axe           |       |       |     9 |   412 |       ||   421
       Broad axe         |       |       |       |   122 |    23 ||   145
Invok: Minor Destruction |       |       |     2 |    11 |       ||    13
       Lesser Servant of |       |       |       |     6 |     1 ||     7
       Major Destruction |       |       |       |     1 |       ||     1
Evoke: Wand              |       |       |     4 |    19 |     1 ||    24
  Use: Scroll            |     5 |     1 |     5 |     6 |     5 ||    22
       Potion            |     2 |       |     1 |     1 |       ||     4
 Stab: Sleeping          |     3 |     1 |     1 |       |       ||     5
       Distracted        |       |       |       |     1 |       ||     1
Armor: Robe              |     4 |       |       |       |       ||     4
       Ring mail         |    13 |   116 |   209 |   280 |     9 ||   627
Dodge: Dodged            |    32 |   162 |   258 |   352 |    15 ||   819
Block: Buckler           |       |       |       |    94 |     5 ||    99
